 Dungeon Crawl Stone Soup version 0.31.0-11-ge490571c62 (webtiles) character file.

Game seed: 16138190109091959572

66 qw the Shooter (level 3, -3/20 HPs)
             Began as a Deep Elf Hunter on Feb 5, 2024.
             Slain by a ribbon worm (6 damage)
             ... on level 2 of the Dungeon.
             The game lasted 00:00:25 (741 turns).

qw the Shooter (Deep Elf Hunter)                     Turns: 741, Time: 00:00:26

Health: -3/20      AC:  5    Str: 10    XL:     3   Next: 96%
Magic:  5/5        EV:  6    Int: 13    God:
Gold:   41         SH:  0    Dex: 24    Spells: 2/2 levels left

rFire   . . .        a - +0 shortbow
rCold   . . .        (shield currently unavailable)
rNeg    . . .        f - +0 ring mail
rPois   .            (no helmet)
rElec   .            (no cloak)
rCorr   .            (no gloves)
SInv    .            (no boots)
Will    .....        (no amulet)
Stlth   ++           i - +6 ring of dexterity
HPRegen 0.23/turn    (no ring)
MPRegen 0.09/turn

%: no passive effects
@: held
A: no striking features
a: no special abilities


You were on level 2 of the Dungeon.
You visited 1 branch of the dungeon, and saw 2 of its levels.

You collected 41 gold pieces.


   Skills:
 - Level 1.5 Fighting
 + Level 7.4 Ranged Weapons
 - Level 2.4 Dodging
 - Level 1.2 Stealth


You had 2 spell levels left.
You didn't know any spells.
Your spell library was empty.

Inventory:

Hand Weapons
 a - a +0 shortbow (weapon)
Armour
 f - a +0 ring mail (worn)
Jewellery
 i - a +6 ring of dexterity (left hand)
Scrolls
 b - a scroll of identify {unknown}
 c - a scroll of noise {unknown}
Potions
 d - a potion of attraction {unknown}
 g - a potion of ambrosia {unknown}

Dungeon Overview and Level Annotations

Branches:
Dungeon (2/15)

Altars:


Message History

The arrow barely misses the ribbon worm.
The arrow closely misses the jackal.
You shoot an arrow. The arrow hits the ribbon worm.
The ribbon worm is severely wounded.
The ribbon worm expels a string of sticky webbing.
The stream of webbing hits you but does no damage.
You are caught in a web!
The web tears apart.
The ribbon worm expels a string of sticky webbing.
The stream of webbing misses you.
You shoot an arrow.
The arrow barely misses the ribbon worm.
The jackal bites you but does no damage.
You shoot an arrow. The arrow hits the ribbon worm.
The ribbon worm is severely wounded.
The jackal bites you but does no damage.
The ribbon worm bites you. The rat barely misses you.
The jackal closely misses you.
You shoot an arrow.
The arrow hits the ribbon worm but does no damage.
The ribbon worm is severely wounded.
The jackal closely misses you. The jackal barely misses you.
The rat barely misses you.
The jackal bites you but does no damage.
The ribbon worm bites you.
You shoot an arrow. The arrow hits the ribbon worm.
The ribbon worm is severely wounded.
The jackal bites you. The jackal closely misses you.
The rat bites you but does no damage. The jackal barely misses you.
The ribbon worm closely misses you. The jackal bites you.
You shoot an arrow. The arrow hits the ribbon worm.
The ribbon worm is almost dead.
The jackal closely misses you. The rat bites you. The jackal barely misses you.
The jackal bites you but does no damage.
The ribbon worm expels a string of sticky webbing.
The stream of webbing hits you but does no damage.
You are caught in a web!
The rat barely misses you.
The jackal bites you but does no damage.
The jackal bites you. x2; The ribbon worm bites you.
You die...

#.#.#...<.<#
##.#........#
##....#.####.#
#..#..>.# #.#
#..^..### #.#
#.#.#.# #.#
#...#.# .#
#######.h##.#
#......@h...#
#.#####rw#..#
#.....#
#..#.##
#......
#..#....
#...>.... #$##
....


You could see a ribbon worm, 2 jackals and a rat.

Vanquished Creatures
  2 adders
  A gnoll (D:1)
  2 dart slugs (D:1)
  2 bats (D:1)
  An endoplasm (D:1)
  3 giant cockroaches
  3 goblins
  4 hobgoblins (D:1)
  2 quokkas
  4 ball pythons (D:1)
  2 frilled lizards (D:1)
  2 kobolds (D:1)
  8 rats
36 creatures vanquished.

Notes
Turn   | Place    | Note
-------+----------+-------------------------------------------
     0 | D:1      | qw the Deep Elf Hunter began the quest for the Orb.
     0 | D:1      | Reached XP level 1. HP: 12/12 MP: 3/3
     0 | D:1      | 0 ||| qw: Version: 0.3-a-160-g6735b56
     0 | D:1      | 0 ||| qw: Game counter: 6561
     0 | D:1      | 0 ||| qw: Melee chars always use a shield: true
     0 | D:1      | 0 ||| qw: God list: Okawaru
     0 | D:1      | 0 ||| qw: Allow faded altars: false
     0 | D:1      | 0 ||| qw: Do Orc after clearing Dungeon:15 true
     0 | D:1      | 0 ||| qw: Do second Lair branch before Depths: true
     0 | D:1      | 0 ||| qw: Lair rune preference: random
     0 | D:1      | 0 ||| qw: Goals: Normal
     0 | D:1      | 0 ||| PLANNING D:1-11
   125 | D:1      | Reached XP level 2. HP: 16/16 MP: 4/4
   139 | D:1      | Reached skill level 6 in Ranged Weapons
   415 | D:1      | Reached XP level 3. HP: 20/20 MP: 5/5
   616 | D:1      | 616 ||| UPGRADING to +0 ring mail.
   626 | D:1      | 626 ||| DROPPING +0 leather armour.
   627 | D:1      | 627 ||| UPGRADING to +6 ring of dexterity.
   628 | D:1      | 628 ||| READING scroll labelled TUUR ISMONOU.
   632 | D:1      | 632 ||| READING scroll labelled ATOIL FAEVOE.
   633 | D:1      | 633 ||| DROPPING scroll of butterflies.
   650 | D:2      | 650 ||| STAIRDANCE
   656 | D:2      | 656 ||| STAIRDANCE
   660 | D:1      | Reached skill level 7 in Ranged Weapons
   740 | D:2      | HP: 5/20 [rat (3)]
   741 | D:2      | Slain by a ribbon worm

Levels and vault maps discovered:
D:1:      shiori_arrival_maze, layout_basic
D:2:      layout_loops_ring, basic_altar

Skill      XL: |  1  2  3 |
---------------+----------+-----
Ranged Weapons | 6 7 |  7.4
Fighting       | |  1.5
Dodging        | |  2.4
Stealth        | |  1.2

Action                     || total
---------------------------++-------
   Fire: Shortbow          ||   115
    Use: Scroll            ||     2
 Armour: Leather armour    ||     7
         Ring mail         ||    23
  Dodge: Dodged            ||    68

Table legend:
 A = Non-vault XP
 B = Vault XP
 C = Vault XP percentage of total XP
 D = Non-vault monster count
 E = Vault monster count
 F = Vault count percentage of total count
                 A         B        C        D         E       F
            +---------+---------+-------+---------+---------+-------
      Total |      92 |       3 |   3.2 |      34 |       2 |   5.6
            +---------+---------+-------+---------+---------+-------
        D:1 |      70 |       3 |   4.1 |      28 |       2 |   6.7
        D:2 |      22 |       0 |   0.0 |       6 |       0 |   0.0
            +---------+---------+-------+---------+---------+-------
